 Dungeon Crawl Stone Soup version 0.26-a0-812-g31a745ddcd (webtiles) character file.

Game seed: 1279782796157851990

202 Dracia the Conjurer (level 5, 0/38 HPs)
             Began as a Draconian Conjurer on Dec 5, 2020.
             Killed from afar by an orc wizard (8 damage)
             ... with a magic dart
             ... on level 3 of the Dungeon.
             The game lasted 00:05:16 (3256 turns).

Dracia the Conjurer (Draconian Conjurer)            Turns: 3256, Time: 00:05:17

Health: 0/38       AC:  7    Str: 10    XL:     5   Next: 50%
Magic:  2/11       EV: 12    Int: 18    God:
Gold:   206        SH:  0    Dex: 10    Spells: 6/12 levels left

rFire    . . .     SeeInvis .   a - +2 whip (drain)
rCold    . . .     Faith    .   (no shield)
rNeg     . . .     Spirit   .   (armour unavailable)
rPois    .         Reflect  .   (helmet restricted)
rElec    .         Harm     .   d - +0 cloak
rCorr    .         Rampage  .   (no gloves)
MR       .....                  k - +0 pair of boots
Stlth    ++........             (no amulet)
HPRegen  0.12/turn              (no ring)
MPRegen  0.12/turn              (no ring)

@: no status effects
A: unfitting armour, cold-blooded, AC +5
a: no special abilities


You were on level 3 of the Dungeon.
You visited 1 branch of the dungeon, and saw 3 of its levels.

You collected 206 gold pieces.


Innate Abilities, Weirdness & Mutations

Your plain brown scales are hard. (AC +5)
You cannot fit into any form of body armour.
You are cold-blooded and may be slowed by cold attacks.


   Skills:
 - Level 1.7 Dodging
 - Level 1.7 Stealth
 + Level 4.0 Spellcasting
 + Level 5.6 Conjurations


You had 6 spell levels left.
You knew the following spells:

 Your Spells              Type           Power        Failure   Level
d - Dazzling Flash        Conj/Hex       ##....       14%         3
s - Searing Ray           Conj           ###...       2%          2
z - Magic Dart            Conj           ###.         1%          1

Your spell library contained the following spells:

 Spells                   Type           Power        Failure   Level
 Fulminant Prism          Conj/Hex       ##........   43%         4
 Iskenderun's Mystic Bla  Conj/Tloc      ##......     43%         4

Inventory:

Hand Weapons
 a - a +2 whip of draining (weapon)
Armour
 d - a +0 cloak (worn)
 k - a +0 pair of boots (worn)
Scrolls
 b - 2 scrolls of teleportation {unknown}
 c - a scroll of noise {unknown}
 f - 3 scrolls of immolation {unknown}
 j - 2 scrolls of identify {unknown}
 l - a scroll of magic mapping {unknown}
 m - 2 scrolls of fog {unknown}
 q - a scroll of remove curse {unknown}
Potions
 e - a potion of ambrosia {unknown}
 g - a potion of might {unknown}
 h - a potion of heal wounds {unknown}
 i - a potion of degeneration {unknown}
 n - a potion of flight {unknown}
 o - a potion of resistance {unknown}
 p - a potion of curing {@q1@q1}

Dungeon Overview and Level Annotations

Branches:
Dungeon (3/15)

Altars:
Fedhas
Beogh

#..# ##.#.#.#. .... ##.#.###.#
.... ##.#.##.##. ....######
##.#.##.#.## ....#....######
##.#.##.#)#)# ...†..........#
##.#.##.#.#(#. ###..........#
##.#.##.#.##††#
..............#####.#.##.#.##.(#.
#.#.......†..)[{@..#.##.#.##.(#.#
..............###...##.#.##.#..##
.##..#'######## ##.##.#.##.#..##.
......# ###.#.##.#..##.# .#######
#.#.##.#.#.#. ##.#.##.#.#.#
##.#.##.#.## ##.#.## ##.
##.#.###.#


There were no monsters in sight!


Message History

The orc is lightly wounded.
You hear some strange, mumbled words.
A puff of flame appears from out of thin air!
The puff of flame hits you.
* * * LOW HITPOINT WARNING * * *
The searing ray hits something.
The searing ray hits the orc!
You kill the orc!
You finish channeling your searing ray.
Something hits you but does no damage.
Unknown command.
You hear some strange, mumbled words.
A magic dart appears from out of thin air!
The magic dart hits you.
* * * LOW HITPOINT WARNING * * *
Something hits you but does no damage. Something hits you but does no damage.
Something hits you but does no damage. x2
Unknown command.
You closely miss something. Something hits you.
* * * LOW HITPOINT WARNING * * *
You closely miss something. Something hits you.
* * * LOW HITPOINT WARNING * * *
Something hits you.
* * * LOW HITPOINT WARNING * * *
You miss something. You miss something.
Something hits you but does no damage. x2
You hit something. Something hits you but does no damage.
You hear some strange, mumbled words.
A magic dart appears from out of thin air!
The magic dart hits you!
You die...

Skill      XL: |  1  2  3  4  5 |
---------------+----------------+-----
Spellcasting   | 3 4 |  4.0
Conjurations   | 5 |  5.6
Dodging        | |  1.7
Stealth        | |  1.7

Action                   |  1- 3 |  4- 6 || total
-------------------------+-------+-------++-------
Melee: Whip              |   106 |    72 ||   178
       Tailslap          |     6 |     7 ||    13
 Cast: Magic Dart        |    11 |     8 ||    19
       Searing Ray       |     1 |     5 ||     6
       Dazzling Flash    |       |     1 ||     1
  Use: Potion            |     1 |       ||     1
 Stab: Sleeping          |     1 |       ||     1
Armor: Skin              |    37 |    38 ||    75
Dodge: Dodged            |    69 |    67 ||   136

Levels and vault maps discovered:
D:1:      mrwooster_arrival_arrow, layout_loops_ring, serial_bayou_pond_e
D:2:      layout_loops_cross, overflow_temple_1_default
D:3:      minmay_inner_zag, layout_basic, kennysheep_orc_chapel

Notes
Turn   | Place    | Note
-------+----------+-------------------------------------------
     0 | D:1      | Dracia the Draconian Conjurer began the quest for the Orb.
     0 | D:1      | Reached XP level 1. HP: 14/14 MP: 3/3
   302 | D:1      | Reached XP level 2. HP: 20/20 MP: 5/5
   433 | D:1      | Learned a level 2 spell: Searing Ray
  1241 | D:2      | Reached XP level 3. HP: 6/26 MP: 5/7
  1455 | D:2      | Found a blossoming altar of Fedhas.
  1505 | D:2      | Reached skill level 3 in Spellcasting
  1882 | D:2      | Reached XP level 4. HP: 33/33 MP: 8/8
  2285 | D:3      | Learned a level 3 spell: Dazzling Flash
  2430 | D:3      | Reached skill level 5 in Conjurations
  2751 | D:3      | Found a roughly hewn altar of Beogh.
  2764 | D:3      | Reached XP level 5. HP: 19/38 MP: 5/10
  3242 | D:3      | Reached skill level 4 in Spellcasting
  3256 | D:3      | Killed from afar by an orc wizard

Vanquished Creatures
  An orc priest (D:3)
  An orc wizard (D:3)
  6 adders
  2 worms
  A dart slug (D:2)
  8 orcs (D:3)
  A ball python (D:1)
  4 giant cockroaches
  11 hobgoblins
  7 jackals (D:3)
  5 bats
  11 goblins
  12 kobolds
  5 rats
75 creatures vanquished.

Table legend: (Time is in decaauts)
 A = Elapsed time spent in this place.
 B = Non-inter-level travel time spent in this place.
 C = Inter-level travel time spent in this place.
 D = Time resting spent in this place.
 E = Time spent auto-exploring this place.
 F = Levels seen in this place.
 G = Mean time per level.
                   A        B        C        D        E       F      G
               +--------+--------+--------+--------+--------+-----+--------+
         Total |   3272 |   3249 |     23 |    201 |   2536 |   3 | 1090.7 |
       Dungeon |   3272 |   3249 |     23 |    201 |   2536 |   3 | 1090.7 |
               +--------+--------+--------+--------+--------+-----+--------+

Top non-repeatable levels by time:
     D:3: 1170 daAuts
     D:1: 1085 daAuts
     D:2: 1016 daAuts

Table legend:
 A = Non-vault XP
 B = Vault XP
 C = Vault XP percentage of total XP
 D = Non-vault monster count
 E = Vault monster count
 F = Vault count percentage of total count
                 A         B        C        D         E       F
            +---------+---------+-------+---------+---------+-------
      Total |     180 |     109 |  37.7 |      66 |       9 |  12.0
            +---------+---------+-------+---------+---------+-------
        D:1 |      31 |       0 |   0.0 |      21 |       0 |   0.0
        D:2 |      69 |       0 |   0.0 |      17 |       0 |   0.0
        D:3 |      80 |     109 |  57.7 |      28 |       9 |  24.3
            +---------+---------+-------+---------+---------+-------
